 Dungeon Crawl Stone Soup version 0.17.1-3-g152610e (webtiles) character file.

400336 inmateoo the Elven Blade (level 22, -11/141 HPs)
             Began as a High Elf Skald on Feb 20, 2016.
             Was the Champion of Okawaru.
             Shot with a bolt of frost by a yaktaur captain (42 damage)
             ... on level 4 of the Vaults on Feb 21, 2016.
             The game lasted 02:35:50 (55894 turns).

inmateoo the Elven Blade (High Elf Skald)          Turns: 55894, Time: 02:35:50

Health: -11/141    AC: 27    Str: 23    XL:     22   Next: 26%
Magic:  23/32      EV: 29    Int: 21    God:    Okawaru [******]
Gold:   3172       SH:  0    Dex: 33    Spells: 9 memorised, 20 levels left

rFire  + + +     SeeInvis .     n - +7 triple sword "Riretrof" {flame, rElec rF+}
rCold  + . .     Clarity  .     x - +7 Kryia's mail coat {DeviceHeal*2 rC+}
rNeg   + + .     SustAt   .     (shield currently unavailable)
rPois  +         Gourm    .     N - +2 hat {Int+3}
rElec  +         Spirit   .     z - +2 cloak {MR+}
rCorr  .         Warding  .     B - +1 pair of gloves of Love and Death {Dex+6}
rMut   .         Stasis   .     R - +0 pair of boots of Uprot {rN+ MR+ Int-2}
MR     ++++.                    q - amulet of Jukeon {rPois rN+ Regen+ Int+2}
Stlth  ..........               G - ring "Lul Feaj" {rF+ MP-9 Str+2 Dex+7 Stlth-}
                                o - ring "Kapunn" {rF+ Str+3 Slay+3}

@: singing, incredibly resistant to hostile enchantments, extremely unstealthy
A: horns 2, agile 1, blink, frail 1, mutation resistance 2, shaggy fur 1, slow
regeneration 1, spit poison 1
a: Spit Poison, Blink, Heroism, Finesse, Renounce Religion, Stop Singing
}: 2/15 runes: barnacled, gossamer


You were on level 4 of the Vaults.
You worshipped Okawaru.
Okawaru was exalted by your worship.
You were not hungry.

You visited 8 branches of the dungeon, and saw 43 of its levels.
You visited the Abyss 2 times.
You visited 1 bazaar.
You also visited: Sewer, Bailey, Ice Cave and Wizlab.

You collected 6452 gold pieces.
You spent 3280 gold pieces at shops.

Inventory:

Hand Weapons
 f - a +4 demon blade of slicing
 n - the +7 triple sword "Riretrof" (weapon) {flame, rElec rF+}
   (Okawaru gifted it to you on level 2 of the Orcish Mines)

   It has been specially enchanted to burn those struck by it, causing extra
   injury to most foes and up to half again as much damage against particularly
   susceptible opponents.
   Big, fiery blades are also staple armaments of hydra-hunters.
   It protects you from fire.
   It insulates you from electricity.
Armour
 x - the +7 Kryia's mail coat (worn) {DeviceHeal*2 rC+}
   (Okawaru gifted it to you on level 6 of the Lair of Beasts)

   It protects you from cold.
 z - a +2 cloak of magic resistance (worn)
 B - the +1 pair of gloves of Love and Death (worn) {Dex+6}
   (You acquired it on level 1 of the Lair of Beasts)

   It affects your dexterity (+6).
 N - a +2 hat of intelligence (worn)
 R - the +0 pair of boots of Uprot (worn) {rN+ MR+ Int-2}
   (You acquired it on level 3 of the Elven Halls)

   It affects your intelligence (-2).
   It protects you from negative energy.
   It affects your resistance to hostile enchantments.
 V - a +0 buckler of fire resistance
Jewellery
 a - a cursed ring of protection from cold
 o - the ring "Kapunn" (left hand) {rF+ Str+3 Slay+3}
   (You found it on level 13 of the Dungeon)

   [ring of protection from fire]

   It affects your strength (+3).
   It affects your accuracy and damage with ranged weapons and melee attacks
   (+3).
   It protects you from fire.
 q - the amulet of Jukeon (around neck) {rPois rN+ Regen+ Int+2}
   (You found it on level 3 of the Elven Halls)

   [amulet of regeneration]

   It affects your intelligence (+2).
   It protects you from poison.
   It protects you from negative energy.
   It increases your rate of regeneration.
 t - the ring of the Kraken {Wiz rPois}
   (You bought it in a shop on level 4 of the Orcish Mines)

   [ring of wizardry]

   It improves your spell success rate.
   It protects you from poison.
 v - an uncursed ring of sustain attributes
 G - the ring "Lul Feaj" (right hand) {rF+ MP-9 Str+2 Dex+7 Stlth-}
   (You found it on level 3 of the Elven Halls)

   [ring of loudness]

   It affects your strength (+2).
   It affects your dexterity (+7).
   It protects you from fire.
   It affects your magic capacity (-9).
   It makes you less stealthy.
 I - an uncursed ring of flight
 J - an uncursed amulet of resist corrosion
 P - an uncursed ring of positive energy
Wands
 m - a wand of digging (8)
 u - a wand of invisibility (2)
 D - a wand of teleportation (3)
 O - a wand of heal wounds (2)
 Q - a wand of teleportation (2)
 U - a wand of teleportation (5)
 X - a wand of disintegration (8)
Scrolls
 b - 15 scrolls of remove curse
 p - 5 scrolls of teleportation
 r - 8 scrolls of blinking
 y - 2 scrolls of amnesia
 F - 4 scrolls of fear
 L - 10 scrolls of identify
 M - 7 scrolls of enchant armour
 W - 9 scrolls of recharging
 Z - 3 scrolls of magic mapping
Potions
 e - 15 potions of curing
 g - 2 potions of flight
 i - 5 potions of berserk rage
 j - 8 potions of agility
 k - 2 potions of cancellation
 l - 10 potions of heal wounds
 s - 11 potions of might
 w - 2 potions of invisibility
 A - 7 potions of magic
 C - 4 potions of brilliance
 E - 2 potions of resistance
 H - 2 potions of cure mutation
 K - a potion of beneficial mutation
 S - a potion of haste
Books
 T - a book of Fire

   Spells                             Type                      Level
   a - Ignite Poison                  Fire/Transmutation/Poison    3
   b - Fireball                       Conjuration/Fire             5
   c - Bolt of Fire                   Conjuration/Fire             6
   d - Delayed Fireball               Conjuration/Fire             7
   e - Ring of Flames                 Charms/Fire                  7
Miscellaneous
 c - a phial of floods
Comestibles
 d - 29 bread rations
 h - 19 meat rations


   Skills:
 + Level 15.0 Fighting
 * Level 23.6 Long Blades
 + Level 14.1 Armour
 + Level 15.9 Dodging
 - Level 2.0 Shields
 + Level 14.6 Spellcasting
 - Level 8.5 Charms
 - Level 4.0 Necromancy
 - Level 10.6 Translocations
 + Level 7.6 Transmutations
 + Level 7.0 Air Magic
 + Level 5.9 Earth Magic
 - Level 8.0 Invocations
 - Level 8.4 Evocations


You had 20 spell levels left.
You knew the following spells:

 Your Spells              Type           Power        Failure   Level  Hunger
a - Regeneration          Chrm/Necr      #####.....   1%          3    None
b - Song of Slaying       Chrm           ######..     1%          2    None
c - Shroud of Golubria    Chrm/Tloc      ######....   1%          2    None
d - Phase Shift           Tloc           ######....   2%          5    ###....
e - Blink                 Tloc           N/A          1%          2    None
f - Apportation           Tloc           ######....   1%          1    None
g - Statue Form           Trmt/Erth      #####....    83%         6    #####..
h - Spectral Weapon       Hex/Chrm       ####....     6%          3    None
i - Deflect Missiles      Chrm/Air       #####.....   61%         6    #####..


Dungeon Overview and Level Annotations

Branches:
Dungeon (15/15)            Temple (1/1) D:5            Lair (8/8) D:10
 Shoals (4/4) Lair:5       Spider (4/4) Lair:4        Slime (0/6) Lair:6
    Orc (4/4) D:10            Elf (3/3) Orc:3        Vaults (4/5) D:13
  Crypt (0/3) Vaults:3     Depths (0/5) D:15

Altars:
Ashenzari
Cheibriados
Dithmenos
Elyvilon
Fedhas
Gozag
Kikubaaqudgha
Makhleb
Nemelex Xobeh
Okawaru
Qazlal
Ru
Sif Muna
Trog
Vehumet
Xom
Yredelemnul
Zin
The Shining One
Beogh
Jiyva

Shops:
D:10 (   D:11 =   Orc:1 %   Orc:2 *   Orc:4 [=(*   Elf:2 [   Elf:3 %
Shoals:2 ?[}   Vaults:1 %%   Vaults:3 !   Vaults:4 =

Annotations:
Elf:2 5 runed doors


Innate Abilities, Weirdness & Mutations

You have a pair of horns on your head.
You are agile. (Dex +2)
You can translocate small distances at will.
You are frail (-10% HP).
You are somewhat resistant to both further mutation and mutation removal.
You are covered in fur (AC +1).
You regenerate slowly when monsters are visible.
You can spit weak poison.


Message History

Your spectral weapon burns the orc sorcerer.
You kill the orc sorcerer!
Okawaru accepts your kill. The vault guard completely misses you.
The yaktaur closely misses you.
You slash the yaktaur! You burn the yaktaur.
The yaktaur is heavily wounded.
The ynoxinul disappears in a puff of smoke!
Your spectral weapon hits the yaktaur!
Your spectral weapon burns the yaktaur.
Unknown command.
You hit the yaktaur. You burn the yaktaur. You headbutt the yaktaur.
You kill the yaktaur!
Okawaru accepts your kill. The vault guard completely misses you.
Unknown command.
You open the orc like a pillowcase!!! You burn the orc.
You kill the orc!
The yaktaur captain wields a glowing arbalest.
The yaktaur captain shoots a bolt of frost.
The bolt of frost hits you!!!
You die...

#......
#......####.##......
...<<.... ..##......
..<<... ..##......
...... #.##...... ....
#.##...... #cp#
#.##...... #))#
#.##...... #@(#
#.#..#....
######))######.........
.......(........#.∩.###
###############.....#
##..#.# ##.#.# #.#.#
#...# #####


You could see a yaktaur captain and a vault guard.

Vanquished Creatures
  Mara (Vaults:3)
  Norris (Spider:3)
  Arachne (Spider:2)
  Rupert (Vaults:3)
  A moon troll (WizLab)
  3 quicksilver dragons (WizLab)
  A lich (Abyss:1)
  2 deep elf blademasters (Elf:3)
  2 deep elf master archers (Elf:3)
  A sphinx (Vaults:4)
  An Executioner (Abyss:2)
  3 krakens
  Agnes (Vaults:3)
  Frances (Lair:4)
  10 tentacled starspawn
  Kirke (Lair:6)
  A storm dragon (Vaults:4)
  Ilsuiw (Shoals:4)
  Wiglaf (Vaults:3)
  A frost giant (Vaults:3)
  6 vault wardens
  A draconian knight (Vaults:3)
  2 orc warlords
  Louise (D:14)
  A cacodemon (WizLab)
  6 deep elf sorcerers (Elf:3)
  6 emperor scorpions
  5 ghost moths (Spider:4)
  8 ironheart preservers
  7 very ugly things
  14 stone giants
  A war gargoyle (WizLab)
  Nessos (Orc:4)
  5 deep elf demonologists
  7 deep elf annihilators (Elf:3)
  A salamander stormcaller (Vaults:4)
  Azrael (Spider:2)
  A white draconian (IceCv)
  A purple draconian (Abyss:1)
  7 deep elf death magi
  An eidolon (Vaults:3)
  Snorg (D:10)
  8 merfolk javelineers
  An ettin (Vaults:2)
  6 merfolk impalers
  2 crystal guardians
  5 great orbs of eyes
  Josephine (Lair:5)
  2 fire dragons
  4 vault guards (Vaults:2)
  4 deep elf high priests (Elf:3)
  5 catoblepae
  6 yaktaur captains
  2 ice dragons
  5 merfolk avatars
  Erolcha (D:12)
  7 centaur warriors
  4 alligator snapping turtles
  5 hydras
  6 merfolk aquamancers
  2 satyrs
  6 dancing weapons
  8 ogre magi
  2 tengu warriors (D:14)
  11 death yaks
  An orc high priest (Orc:4)
  A vampire mage (Abyss:1)
  Urug (Lair:3)
  The ghost of inmateoo the Martial Artist, a novice OpTm of Makhleb (D:9)
  Sonja (D:12)
  14 deep elf knights
  Nergalle (Orc:4)
  The ghost of bollicks1999 the Blocker, a novice MiFi of Okawaru (D:8)
  8 thrashing horrors (Abyss:1)
  3 wretched stars
  2 soul eaters
  5 skeletal warriors (Vaults:1)
  A fire crab (Vaults:3)
  A spatial maelstrom (Abyss:3)
  9 sea snakes
  4 unseen horrors
  A hell knight (Vaults:3)
  8 giant orange brains (WizLab)
  12 deep trolls
  A shadow demon (Abyss:1)
  An unseen horror (shapeshifter) (Vaults:2)
  19 starcursed masses
  A flayed ghost (Vaults:4)
  4 large abominations
  13 deep elf summoners
  3 necromancers (Vaults:3)
  7 ironbrand convokers
  Pikel (D:7)
  19 orb spiders
  A mana viper (Abyss:1)
  26 harpies
  10 hill giants
  11 deep elf conjurers
  A sixfirhy (Abyss:1)
  7 fauns
  A harpy (shapeshifter) (Abyss:2)
  12 cyclopes
  14 orc knights
  2 frost giant zombies
  35 wolf spiders
  12 manticores
  A phantasmal warrior (Vaults:3)
  2 worldbinders (Abyss:1)
  A salamander (Abyss:1)
  37 ugly things
  5 orc sorcerers
  5 hornets
  A sphinx skeleton (Vaults:3)
  4 sirens
  2 moths of wrath
  An apocalypse crab (Abyss:2)
  14 elephants
  3 eyes of devastation
  A moth of wrath (shapeshifter) (D:14)
  12 black mambas
  7 water nymphs
  13 griffons
  A black mamba (shapeshifter) (Vaults:3)
  An ice statue (IceCv)
  2 orange demons
  2 torpor snails
  10 vault sentinels
  5 kobold demonologists
  3 smoke demons (Abyss:1)
  2 gargoyles
  18 spiny frogs
  12 komodo dragons
  A human zombie (Vaults:3)
  5 freezing wraiths
  An efreet (D:15)
  5 trolls
  24 yaktaurs
  14 demonic crawlers
  3 wolf spider simulacra
  2 fire drakes
  A wind drake (shapeshifter) (Vaults:4)
  4 ancient zymes (Abyss:1)
  2 hellwings
  7 deep elf priests
  A red devil (Abyss:2)
  2 tengu conjurers (D:14)
  14 polar bears (IceCv)
  2 wind drakes
  A raiju (shapeshifter) (Vaults:1)
  22 jumping spiders
  9 raiju
  31 merfolk
  24 two-headed ogres
  18 blink frogs
  9 slime creatures
  A harpy skeleton (D:15)
  9 boulder beetles
  3 snapping turtles (Shoals:4)
  A queen bee (Lair:5)
  3 shadows (D:15)
  91 yaks
  A flying skull (Abyss:2)
  39 redbacks
  24 tarantellas
  20 deep elf magi
  7 hogs (Lair:6)
  2 vampires
  2 wyverns
  A golden eye (shapeshifter) (Elf:2)
  A human (shapeshifter) (Abyss:1)
  12 trapdoor spiders
  3 basilisks
  A chaos spawn (Abyss:1)
  A spriggan (D:11)
  12 water elementals
  4 ynoxinuls (Abyss:1)
  22 deep elf fighters
  A golden eye (Abyss:1)
  18 hippogriffs
  2 fire bats (Abyss:1)
  7 wraiths
  A yaktaur simulacrum (Vaults:3)
  3 hungry ghosts
  A steam dragon (D:12)
  4 neqoxecs
  3 fire elementals
  3 soldier ants
  5 wargs
  Menkaure (D:7)
  5 mottled dragons
  17 vampire mosquitoes
  14 wolves
  7 water moccasins
  An insubstantial wisp (D:14)
  3 nagas
  10 porcupines
  5 sky beasts
  24 spiders
  A slave (D:6)
  Purgy (Sewer)
  2 black bears (shapeshifter)
  An ice beast (D:10)
  23 centaurs
  41 orc warriors
  6 hell hounds
  7 boggarts
  2 wasps
  14 crocodiles
  3 brain worms (Abyss:1)
  36 ogres
  9 big kobolds
  21 giant frogs
  A human simulacrum (Vaults:1)
  A wyvern skeleton (D:9)
  6 scorpions
  A troll zombie (Abyss:1)
  12 wights
  31 killer bees
  5 electric eels
  A giant frog zombie (D:8)
  7 centaur zombies
  7 hounds
  7 crimson imps
  44 orc wizards
  4 jellies
  2 iron imps (Abyss:1)
  28 orc priests
  Ijyb (D:2)
  10 centaur skeletons
  2 giant frog skeletons
  A gnoll shaman (D:7)
  4 iguanas
  3 quasits
  5 hell rats (Lair:5)
  11 worker ants
  32 sheep
  8 small abominations (Abyss:1)
  A hound zombie (D:11)
  Robin (D:2)
  14 gnolls
  18 adders
  84 river rats
  7 white imps
  4 giant geckos
  241 orcs
  9 giant cockroaches
  14 hobgoblins
  4 quokkas
  A ball python (D:2)
  14 bats
  4 giant newts
  19 goblins
  45 kobolds
  A quokka skeleton (D:4)
  12 rats
  3 crawling corpses (Elf:3)
  A fire vortex (Vaults:4)
  2 fungi
  3 plants
  4 starspawn tentacles (WizLab)
  A starspawn tentacle segment (WizLab)
  5 tentacles
2173 creatures vanquished.

Vanquished Creatures (others)
  The ghost of WereVolvo the Shatterer, an adept OgAs of Trog (Vaults:2)
  A vault warden (Vaults:4)
  An ironheart preserver (Vaults:4)
  A thrashing horror (Abyss:1)
  A harpy (Shoals:4)
  An ironbrand convoker (Vaults:2)
  An ugly thing (D:14)
  A salamander (shapeshifter) (Vaults:2)
  A yaktaur (Vaults:4)
  A merfolk (Shoals:1)
  A deep elf fighter (Elf:1)
  An orc warrior (Vaults:1)
  2 slaves
  An ogre (Vaults:1)
  A brain worm (Abyss:1)
  2 electric eels (D:15)
  A worker ant zombie (D:7)
  A gnoll (D:7)
  An orc (Orc:4)
  A jackal skeleton (D:7)
  6 fungi
  A lurking horror (Abyss:3)
  15 plants
  12 spectral weapons
  36 starspawn tentacles
  328 starspawn tentacle segments
  18 tentacles
  293 tentacle segments
731 creatures vanquished.

Grand Total: 2904 creatures vanquished

Notes
Turn   | Place    | Note
--------------------------------------------------------------
     0 | D:1      | inmateoo the High Elf Skald began the quest for the Orb.
     0 | D:1      | Reached XP level 1. HP: 14/14 MP: 4/4
   610 | D:1      | Reached XP level 2. HP: 19/19 MP: 6/6
   781 | D:2      | Reached skill level 1 in Armour
  1009 | D:2      | Noticed Ijyb
  1056 | D:2      | Killed Ijyb
  1056 | D:2      | Reached skill level 4 in Charms
  1056 | D:2      | Reached XP level 3. HP: 2/24 MP: 5/8
  1372 | D:2      | Learned a level 2 spell: Song of Slaying
  1375 | D:2      | Learned a level 2 spell: Shroud of Golubria
  1450 | D:2      | Found a stormy altar of Qazlal.
  1455 | D:2      | Found a blossoming altar of Fedhas.
  1873 | D:2      | Reached XP level 4. HP: 10/30 MP: 1/9
  1891 | D:2      | Reached XP level 5. HP: 4/35 MP: 0/10
  2242 | D:3      | Noticed Robin
  2492 | D:2      | Killed Robin
  2788 | D:3      | Gained mutation: You are covered in fur (AC +1). [potion of mutation]
  2788 | D:3      | Gained mutation: You have a pair of small horns on your head. [potion of mutation]
  2788 | D:3      | Gained mutation: You are somewhat resistant to further mutation. [potion of mutation]
  2937 | D:3      | Learned a level 3 spell: Regeneration
  2950 | D:3      | Found a basalt altar of Yredelemnul.
  3739 | D:4      | Reached XP level 6. HP: 21/41 MP: 8/12
  4081 | D:4      | Found a shimmering altar of Xom.
  4083 | D:4      | Noticed an angel
  4087 | D:4      | Found a glowing silver altar of Zin.
  4087 | D:4      | Noticed a centaur
  4105 | D:4      | Killed a centaur
  4105 | D:4      | Reached skill level 5 in Long Blades
  4452 | D:4      | Reached skill level 5 in Charms
  4452 | D:4      | Reached XP level 7. HP: 36/46 MP: 10/13
  4828 | D:4      | Found a sparkling altar of Nemelex Xobeh.
  4828 | D:4      | Found an opulent altar of Gozag.
  5008 | D:4      | Noticed an ogre
  5030 | D:4      | Killed an ogre
  5062 | D:5      | Entered Level 5 of the Dungeon
  5345 | D:5      | Found a glowing drain.
  5357 | D:5      | Reached skill level 6 in Long Blades
  5407 | Sewer    | Entered a sewer
  5570 | Sewer    | Noticed Purgy
  5576 | Sewer    | Killed Purgy
  5723 | D:5      | Found a staircase to the Ecumenical Temple.
  5739 | D:5      | Reached XP level 8. HP: 36/54 MP: 11/15
  5749 | Temple   | Entered the Ecumenical Temple
  6387 | D:6      | Reached skill level 7 in Long Blades
  6387 | D:6      | Reached skill level 5 in Spellcasting
  6404 | D:6      | Found a radiant altar of Vehumet.
  6998 | D:6      | Found an iron altar of Okawaru.
  6999 | D:6      | Found a bloodstained altar of Trog.
  7036 | D:6      | Became a worshipper of Warmaster Okawaru
  7207 | D:6      | Reached XP level 9. HP: 44/59 MP: 15/18
  7216 | D:6      | Found a shimmering altar of Xom.
  7430 | D:5      | Reached skill level 8 in Long Blades
  7816 | D:7      | Noticed Pikel
  7958 | D:7      | Killed Pikel
  7958 | D:7      | Reached * piety under Okawaru
  7958 | D:7      | Reached skill level 5 in Fighting
  7958 | D:7      | Reached skill level 5 in Dodging
  8252 | D:7      | Found a flagged portal.
  8253 | D:7      | Reached skill level 9 in Long Blades
  8269 | Bailey   | Entered a bailey
  8306 | Bailey   | Noticed an orc warlord
  8507 | Bailey   | Noticed an orc knight
  8537 | Bailey   | Killed an orc knight
  8537 | Bailey   | Reached ** piety under Okawaru
  8564 | Bailey   | Found a runed gate.
  8564 | Bailey   | Found a runed gate.
  8564 | Bailey   | Found a runed gate.
  8978 | Bailey   | Killed an orc warlord
  8978 | Bailey   | Reached skill level 10 in Long Blades
  8978 | Bailey   | Reached skill level 5 in Armour
  8978 | Bailey   | Reached XP level 10. HP: 66/68 MP: 19/21
  9071 | Bailey   | Identified Fec Att's Reference Book on Fiery Protection
  9313 | D:7      | Noticed Menkaure
  9325 | D:7      | Killed Menkaure
  9840 | D:8      | Noticed bollicks1999's ghost (novice MiFi)
  9891 | D:8      | Killed bollicks1999's ghost
  9891 | D:8      | Reached *** piety under Okawaru
 10161 | D:8      | Found a shattered altar of Ashenzari.
 10577 | D:9      | Noticed inmateoo's ghost (novice OpTm)
 10837 | D:9      | Killed inmateoo's ghost
 10837 | D:9      | Reached skill level 11 in Long Blades
 10933 | D:9      | Reached **** piety under Okawaru
 11085 | D:9      | Reached XP level 11. HP: 65/73 MP: 21/23
 11159 | D:10     | Entered Level 10 of the Dungeon
 11159 | D:10     | Noticed Snorg
 11245 | D:10     | Killed Snorg
 11438 | D:10     | Noticed a catoblepas
 11454 | D:10     | Killed a catoblepas
 11454 | D:10     | Reached ***** piety under Okawaru
 11532 | D:10     | Noticed a hill giant
 11538 | D:10     | Killed a hill giant
 11645 | D:10     | Reached skill level 12 in Long Blades
 12064 | D:10     | Found a staircase to the Lair.
 12153 | D:10     | Gained mutation: You can translocate small distances at will. [mutagenic meat]
 12154 | D:10     | Gained mutation: You are somewhat resistant to both further mutation and mutation removal. [mutagenic meat]
 12158 | D:10     | Gained mutation: You have an increased reservoir of magic (+10% MP). [mutagenic meat]
 12273 | D:10     | Found a staircase to the Orcish Mines.
 12371 | D:10     | Found Seaniz's Antique Weapon Shop.
 12379 | D:10     | Bought a glowing long sword for 87 gold pieces
 12735 | D:11     | Found Weufuoph's Jewellery Boutique.
 13391 | D:11     | Noticed a hill giant
 13406 | D:11     | Killed a hill giant
 13411 | D:11     | Noticed a hill giant
 13429 | D:11     | Killed a hill giant
 13429 | D:11     | Reached skill level 13 in Long Blades
 13444 | D:11     | Lost mutation: You have an increased reservoir of magic (+10% MP). [mutagenic meat]
 13445 | D:11     | Gained mutation: You regenerate slowly when monsters are visible. [mutagenic meat]
 13706 | D:11     | Noticed a hill giant
 13717 | D:11     | Killed a hill giant
 13717 | D:11     | Reached XP level 12. HP: 82/82 MP: 22/24
 14632 | D:11     | Reached skill level 1 in Evocations
 14996 | D:12     | Noticed Erolcha
 15005 | D:12     | Killed Erolcha
 15113 | D:12     | Received a gift from Okawaru
 15308 | D:12     | Noticed Sonja
 15350 | D:12     | Killed Sonja
 15745 | D:12     | Reached skill level 14 in Long Blades
 17157 | D:12     | Found a shimmering altar of Xom.
 17506 | D:13     | Reached skill level 5 in Evocations
 17624 | D:13     | Reached XP level 13. HP: 80/90 MP: 25/25
 17693 | D:13     | Found a gate to the Vaults.
 17722 | D:13     | HP: 4/90 [enchanted long sword (14)]
 18410 | D:13     | Got a smoking brass ring
 18443 | D:13     | Noticed a centaur warrior
 18477 | D:13     | Killed a centaur warrior
 18833 | D:13     | Noticed a centaur warrior
 18862 | D:13     | Killed a centaur warrior
 19277 | D:13     | Noticed an ironheart preserver
 19293 | D:13     | Killed an ironheart preserver
 19293 | D:13     | Reached skill level 15 in Long Blades
 19361 | D:13     | Received a gift from Okawaru
 19361 | D:13     | Reached skill level 10 in Dodging
 19996 | D:14     | Noticed Louise
 20316 | D:14     | Identified the ring "Kapunn" {rF+ Str+3 Slay+3} (You found it on level 13 of the Dungeon)
 20466 | D:14     | Reached skill level 1 in Shields
 20701 | D:14     | Gained mutation: You have a pair of horns on your head. [mutagenic meat]
 20887 | D:14     | Killed Louise
 21103 | D:15     | Entered Level 15 of the Dungeon
 21533 | Orc:1    | Entered Level 1 of the Orcish Mines
 21535 | Orc:1    | Reached XP level 14. HP: 98/98 MP: 26/26
 21821 | Orc:2    | Found Tutir's General Store.
 21829 | Orc:2    | Bought a potion of curing for 39 gold pieces
 21829 | Orc:2    | Bought a potion of heal wounds for 65 gold pieces
 21829 | Orc:2    | Bought a wand of digging (13) for 442 gold pieces
 21829 | Orc:2    | Bought a scroll of blinking for 97 gold pieces
 21908 | Orc:2    | Found a roughly hewn altar of Beogh.
 22106 | Orc:1    | Found a roughly hewn altar of Beogh.
 22122 | Orc:1    | Found Ureesug's Food Emporium.
 22308 | Orc:3    | Found a staircase to the Elven Halls.
 23231 | Orc:2    | Received a gift from Okawaru
 23234 | Orc:2    | Got a crude triple sword {god gift}
 23287 | Orc:2    | Identified the +7 triple sword "Riretrof" {flame, rElec rF+} (Okawaru gifted it to you on level 2 of the Orcish Mines)
 23526 | Orc:4    | Entered Level 4 of the Orcish Mines
 24241 | Orc:4    | Noticed Nessos
 24270 | Orc:4    | Killed Nessos
 24270 | Orc:4    | Reached skill level 10 in Fighting
 24270 | Orc:4    | Reached skill level 16 in Long Blades
 24775 | Orc:4    | Noticed an orc warlord
 24799 | Orc:4    | Killed an orc warlord
 24996 | Orc:4    | Noticed Nergalle
 24998 | Orc:4    | Found a roughly hewn altar of Beogh.
 25039 | Orc:4    | Killed Nergalle
 26038 | Orc:4    | Found Isegiuq's General Store.
 26044 | Orc:4    | Bought 2 potions of agility for 112 gold pieces
 26044 | Orc:4    | Bought a scroll of blinking for 105 gold pieces
 26081 | Orc:4    | Found Imymeot's Jewellery Boutique.
 26087 | Orc:4    | Bought the ring of the Kraken {Wiz rPois} for 659 gold pieces
 26099 | Orc:4    | Found Zeul's Antique Armour Boutique.
 26115 | Orc:4    | Found Sifiyts's Antique Weapon Boutique.
 26462 | Lair:1   | Entered Level 1 of the Lair of Beasts
 26765 | Lair:1   | Identified a scroll of acquirement
 26768 | Lair:1   | Got a pair of ichor-stained gloves
 26779 | Lair:1   | Identified the +1 pair of gloves of Love and Death {Dex+6} (You acquired it on level 1 of the Lair of Beasts)
 28179 | Lair:3   | Noticed Urug
 28189 | Lair:3   | Killed Urug
 29289 | Lair:4   | Got a transparent leather armour
 29300 | Lair:4   | Identified the +2 leather armour of the Yeti {Regen+ Int+3} (You found it on level 4 of the Lair of Beasts)
 29532 | Lair:4   | Found a hole to the Spider Nest.
 29635 | Lair:4   | Reached skill level 17 in Long Blades
 29635 | Lair:4   | Reached skill level 1 in Invocations
 29951 | Lair:5   | Found a staircase to the Shoals.
 30079 | Lair:5   | Gained mutation: Your spells are a little harder to cast, but a little more powerful. [potion of beneficial mutation]
 30138 | Lair:5   | Noticed Josephine
 30148 | Lair:5   | Killed Josephine
 30160 | Lair:5   | Reached skill level 10 in Armour
 30166 | Lair:5   | Found a frozen archway.
 30179 | IceCv    | Entered an ice cave
 30488 | IceCv    | Received a gift from Okawaru
 30492 | IceCv    | Reached XP level 15. HP: 102/105 MP: 28/28
 30565 | IceCv    | Reached ****** piety under Okawaru
 30852 | IceCv    | Identified the Guide on the Traveller (You found it in an ice cave)
 30856 | IceCv    | Learned a level 2 spell: Blink
 31879 | Lair:6   | Received a gift from Okawaru
 32122 | Lair:6   | Noticed Kirke
 32131 | Lair:6   | Killed Kirke
 32179 | Lair:6   | Found a viscous altar of Jiyva.
 32180 | Lair:6   | Found a staircase to the Slime Pits.
 32673 | Lair:7   | Reached skill level 18 in Long Blades
 32971 | Lair:7   | Got a faintly humming helmet
 32972 | Lair:7   | Identified the +1 helmet of Lugonu's Delight {MR+ Str+2 SInv} (You found it on level 7 of the Lair of Beasts)
 33184 | Lair:7   | Reached skill level 5 in Invocations
 33320 | Lair:8   | Entered Level 8 of the Lair of Beasts
 33391 | Lair:8   | Reached skill level 1 in Necromancy
 33426 | Lair:8   | Received a gift from Okawaru
 33961 | Lair:8   | Reached XP level 16. HP: 107/112 MP: 28/30
 34442 | Lair:8   | Got a crude lapis lazuli ring
 34443 | Lair:8   | Identified the ring of Jucsucoz {Fire Dex+8} (You found it on level 8 of the Lair of Beasts)
 34912 | D:11     | Reached skill level 10 in Spellcasting
 35043 | D:15     | Received a gift from Okawaru
 35371 | D:15     | Gained mutation: You can spit weak poison. [mutagenic meat]
 35375 | D:15     | Gained mutation: You are agile. (Dex +2) [mutagenic meat]
 35550 | D:15     | Found a staircase to the Depths.
 36136 | Spider:1 | Entered Level 1 of the Spider Nest
 36179 | Spider:1 | Received a gift from Okawaru
 36209 | Spider:1 | Noticed Frances
 36244 | Lair:4   | Reached skill level 19 in Long Blades
 36464 | Lair:4   | Killed Frances
 37261 | Spider:2 | Noticed Azrael
 37279 | Spider:2 | Killed Azrael
 37512 | Spider:2 | Reached XP level 17. HP: 119/119 MP: 27/32
 37560 | Spider:2 | Reached skill level 1 in Translocations
 37659 | Spider:2 | Received a gift from Okawaru
 38111 | Spider:2 | Noticed Arachne
 38127 | Spider:2 | Killed Arachne
 38813 | Spider:3 | Noticed Norris
 38841 | Spider:3 | Killed Norris
 39857 | Spider:4 | Entered Level 4 of the Spider Nest
 40154 | Spider:4 | Received a gift from Okawaru
 40326 | Spider:4 | Reached skill level 20 in Long Blades
 40483 | Spider:4 | Lost mutation: You have a pair of horns on your head. [mutagenic meat]
 40675 | Spider:4 | Received a gift from Okawaru
 40951 | Spider:4 | Reached skill level 5 in Translocations
 41224 | Spider:4 | Gained mutation: You have a pair of horns on your head. [mutagenic meat]
 41243 | Spider:4 | Got a gossamer rune of Zot
 41928 | Elf:1    | Entered Level 1 of the Elven Halls
 41939 | Elf:1    | Noticed a Hell Sentinel
 42146 | Elf:1    | Noticed a Hell Sentinel
 42159 | Elf:1    | Reached XP level 18. HP: 101/127 MP: 34/34
 42193 | Elf:1    | Identified the Handbook of Summoning
 42337 | Elf:1    | Received a gift from Okawaru
 42818 | Elf:1    | Received a gift from Okawaru
 43065 | Elf:2    | Found Inuorch's Armour Shoppe.
 43077 | Elf:2    | Bought a +2 pair of boots for 330 gold pieces
 43386 | Elf:2    | Gained mutation: You are frail (-10% HP). [mutagenic meat]
 43407 | Elf:2    | Found a huge runed gate.
 43407 | Elf:2    | Found a huge runed gate.
 43407 | Elf:2    | Found a huge runed gate.
 43408 | Elf:2    | Found a huge runed gate.
 43415 | Elf:2    | Found a huge runed gate.
 43817 | Elf:3    | Entered Level 3 of the Elven Halls
 43935 | Elf:3    | Found Ziremedu's Food Shop.
 43970 | Elf:3    | Learned a level 5 spell: Phase Shift
 44416 | Elf:3    | Received a gift from Okawaru
 44583 | Elf:3    | Reached skill level 21 in Long Blades
 44614 | Elf:3    | Cast into the Abyss (a deep elf demonologist)
 44744 | Abyss:1  | Got a brightly glowing scale mail
 44806 | Abyss:1  | Noticed a lich
 44873 | Abyss:1  | Found a roughly hewn altar of Beogh.
 45141 | Elf:3    | Escaped the Abyss
 45193 | Elf:3    | Cast into the Abyss (deep elf death mage)
 45206 | Abyss:1  | Identified the cursed +0 scale mail of Fortification {-Cast rPois Int+2} (You found it on level 1 of the Abyss)
 45647 | Abyss:1  | Reached XP level 19. HP: 120/120 MP: 34/36
 45911 | Abyss:1  | Noticed a bone dragon
 46289 | Elf:3    | Escaped the Abyss
 46357 | Elf:3    | Received a gift from Okawaru
 46478 | Elf:3    | Learned a level 1 spell: Apportation
 46488 | Elf:3    | Learned a level 6 spell: Statue Form
 46496 | Elf:3    | Got a pitted scale mail
 46497 | Elf:3    | Identified the +2 scale mail of Yredelemnul's Anger {rN+ Str+4 Dex-5} (You found it on level 3 of the Elven Halls)
 46519 | Elf:3    | Identified Khufu's Volume of the Nightingale
 46524 | Elf:3    | Got a brightly glowing golden amulet
 46525 | Elf:3    | Identified the amulet of Jukeon {rPois rN+ Regen+ Int+2} (You found it on level 3 of the Elven Halls)
 46531 | Elf:3    | Got a scintillating iron ring
 46532 | Elf:3    | Identified the ring "Lul Feaj" {rF+ MP-9 Str+2 Dex+7 Stlth-} (You found it on level 3 of the Elven Halls)
 46539 | Elf:3    | Identified Ekoj's Handbook of Mutagenic Battle Magic
 46571 | Elf:3    | Got a pair of scorched boots
 46582 | Elf:3    | Identified the +0 pair of boots of Uprot {rN+ MR+ Int-2} (You acquired it on level 3 of the Elven Halls)
 46625 | Elf:3    | Got a distressingly furry scale mail
 46626 | Elf:3    | Identified the +2 scale mail of Caasaeju {*Confuse rC++ rCorr Dex+2} (You found it on level 3 of the Elven Halls)
 47260 | Shoals:1 | Entered Level 1 of the Shoals
 47323 | Shoals:1 | Reached skill level 1 in Transmutations
 47697 | Shoals:2 | Reached skill level 1 in Earth Magic
 47932 | Shoals:2 | Found Jyask's Antique Armour Emporium.
 47937 | Shoals:2 | Found Pauvuciu's Magic Scroll Shop.
 47950 | Shoals:2 | Bought a scroll of identify for 36 gold pieces
 47950 | Shoals:2 | Bought a scroll of blinking for 135 gold pieces
 47950 | Shoals:2 | Bought a scroll of identify for 36 gold pieces
 47950 | Shoals:2 | Bought a scroll of magic mapping for 63 gold pieces
 47950 | Shoals:2 | Found Peohipn's Gadget Boutique.
 47959 | Shoals:2 | Bought a wand of teleportation (5) for 270 gold pieces
 48364 | Shoals:3 | Reached skill level 22 in Long Blades
 48601 | Shoals:3 | Received a gift from Okawaru
 48623 | Shoals:4 | Entered Level 4 of the Shoals
 48715 | Shoals:4 | Noticed Ilsuiw
 48733 | Shoals:4 | Killed Ilsuiw
 48836 | Shoals:4 | Reached XP level 20. HP: 44/127 MP: 25/38
 48907 | Shoals:4 | Got a barnacled rune of Zot
 49336 | Shoals:4 | Received a gift from Okawaru
 49543 | Shoals:4 | Got a dazzling scale mail
 49547 | Shoals:4 | Identified the +2 scale mail "Ammeene" {rElec MR+} (You found it on level 4 of the Shoals)
 50243 | D:9      | Learned a level 3 spell: Spectral Weapon
 50250 | D:9      | Learned a level 6 spell: Deflect Missiles
 50421 | Vaults:1 | Entered Level 1 of the Vaults
 50474 | Vaults:1 | Reached skill level 1 in Air Magic
 50538 | Vaults:1 | Found a magical portal.
 50547 | WizLab   | Entered Lehudib's Moon Base
 50565 | WizLab   | Reached skill level 15 in Dodging
 50966 | WizLab   | Lost mutation: Your spells are a little harder to cast, but a little more powerful. [mutagenic meat]
 51032 | WizLab   | Reached skill level 5 in Transmutations
 51428 | WizLab   | Paralysed by accursed screaming for 1 turns
 51433 | WizLab   | Paralysed by accursed screaming for 1 turns
 51572 | WizLab   | Identified Lehudib's Grimoire of Clay
 51664 | WizLab   | Received a gift from Okawaru
 51965 | Vaults:1 | Reached XP level 21. HP: 130/134 MP: 30/39
 52044 | Vaults:1 | Reached skill level 10 in Translocations
 52536 | Vaults:1 | Found Qiaxusaf's Food Shop.
 52545 | Vaults:1 | Received a gift from Okawaru
 52985 | Vaults:1 | Found Hoah's Food Emporium.
 53092 | Vaults:2 | Found a flickering gateway to a bazaar.
 53102 | Bazaar   | Entered a bazaar
 53103 | Bazaar   | Found Aximut's Gadget Boutique.
 53121 | Bazaar   | Found Eson's General Store.
 53128 | Bazaar   | Found Qowuotwu's Armour Emporium.
 53129 | Bazaar   | Bought a beef jerky for 21 gold pieces
 53129 | Bazaar   | Bought a potion of flight for 42 gold pieces
 53134 | Bazaar   | Found Hogu's Food Emporium.
 53212 | Vaults:2 | Noticed WereVolvo's ghost (adept OgAs)
 53220 | Vaults:2 | Reached skill level 23 in Long Blades
 53355 | Vaults:2 | Reached skill level 5 in Air Magic
 53448 | Vaults:2 | Reached skill level 5 in Earth Magic
 53462 | Vaults:2 | Killed WereVolvo's ghost
 54586 | Vaults:3 | Found Emacut Bycu's Distillery.
 54595 | Vaults:3 | Bought a potion of might for 76 gold pieces
 54595 | Vaults:3 | Bought a potion of might for 76 gold pieces
 54595 | Vaults:3 | Bought a potion of agility for 76 gold pieces
 54595 | Vaults:3 | Bought a potion of berserk rage for 95 gold pieces
 54595 | Vaults:3 | Bought a potion of curing for 57 gold pieces
 54595 | Vaults:3 | Bought a potion of resistance for 190 gold pieces
 54595 | Vaults:3 | Bought a potion of agility for 76 gold pieces
 54595 | Vaults:3 | Bought a potion of heal wounds for 95 gold pieces
 54702 | Vaults:3 | Noticed Rupert
 54702 | Vaults:3 | Noticed Wiglaf
 54703 | Vaults:3 | Noticed Agnes
 54715 | Vaults:3 | Killed Rupert
 54719 | Vaults:3 | Killed Wiglaf
 54719 | Vaults:3 | Received a gift from Okawaru
 54723 | Vaults:3 | Killed Agnes
 54729 | Vaults:3 | Got a pitted great sword {god gift}
 54730 | Vaults:3 | Identified the +9 great sword of Okawaru {slice, *Confuse rElec Str+4 Stlth+} (Okawaru gifted it to you on level 3 of the Vaults)
 55086 | Vaults:3 | Noticed Mara
 55096 | Vaults:3 | Killed Mara
 55096 | Vaults:3 | Reached XP level 22. HP: 118/140 MP: 26/41
 55189 | Vaults:3 | Reached skill level 15 in Fighting
 55348 | Vaults:3 | Received a gift from Okawaru
 55356 | Vaults:3 | Found a staircase to the Crypt.
 55817 | Vaults:4 | Found Licsad's Jewellery Emporium.
 55894 | Vaults:4 | Shot with a bolt of frost by a yaktaur captain

Action                   |  1- 3 |  4- 6 |  7- 9 | 10-12 | 13-15 | 16-18 | 19-21 | 22-24 || total
-------------------------+-------+-------+-------+-------+-------+-------+-------+-------++-------
Melee: Falchion          |   131 |   203 |    11 |    27 |       |       |       |       ||   372
       Dagger            |       |    43 |   434 |    59 |       |       |       |       ||   536
       Long sword        |       |       |       |   875 |   914 |       |       |       ||  1789
       Great sword       |       |       |       |     6 |    40 |       |       |       ||    46
       Scimitar          |       |       |       |    40 |       |       |       |       ||    40
       Triple sword      |       |       |       |       |   805 |  1326 |  1413 |   128 ||  3672
 Fire: Blowgun           |       |       |    41 |    10 |    22 |       |       |       ||    73
Throw: Throwing net      |       |       |     4 |       |       |       |       |       ||     4
       Tomahawk          |       |       |    25 |       |       |       |       |       ||    25
 Cast: Infusion          |     3 |     5 |     1 |     1 |     1 |     5 |       |       ||    16
       Song of Slaying   |     1 |     3 |       |       |       |       |     1 |     1 ||     6
       Shroud of Golubri |       |     1 |     1 |       |       |     1 |     1 |       ||     4
       Regeneration      |       |       |       |     5 |    10 |    61 |   112 |     7 ||   195
       Phase Shift       |       |       |       |       |       |     2 |     7 |     1 ||    10
       Apportation       |       |       |       |       |       |       |     1 |       ||     1
       Spectral Weapon   |       |       |       |       |       |       |    26 |     4 ||    30
       Deflect Missiles  |       |       |       |       |       |       |     2 |       ||     2
Invok: Heroism           |       |       |     2 |    16 |    21 |    20 |    14 |       ||    73
       Finesse           |       |       |       |       |     3 |     2 |     2 |       ||     7
 Abil: Evoke Berserk Rag |       |       |       |       |     1 |       |       |       ||     1
       Spit Poison       |       |       |       |       |       |     1 |       |       ||     1
Evoke: Wand              |       |       |       |     1 |    13 |     6 |     7 |       ||    27
       Deck              |       |       |       |     4 |       |       |       |       ||     4
  Use: Potion            |     1 |     3 |     4 |    14 |     3 |     1 |     7 |       ||    33
       Scroll            |     3 |     5 |    12 |    11 |    14 |    17 |    19 |       ||    81
 Stab: Sleeping          |     1 |       |     2 |       |     2 |       |       |       ||     5
       Invisible         |       |       |     3 |    12 |     1 |       |     2 |       ||    18
       Distracted        |       |       |       |     1 |       |       |     3 |     1 ||     5
       Confused          |       |       |       |       |     3 |       |       |       ||     3
  Eat: Chunk             |     2 |     9 |    13 |    33 |    46 |    39 |    23 |     1 ||   166
       Beef jerky        |       |       |     2 |       |     5 |     3 |     2 |       ||    12
       Pizza             |       |       |     1 |     1 |     1 |     3 |       |       ||     6
       Meat ration       |       |       |       |     3 |     1 |       |     3 |     1 ||     8
       Fruit             |       |       |       |     2 |     3 |     1 |    20 |       ||    26
       Royal jelly       |       |       |       |       |     1 |    10 |       |       ||    11
       Bread ration      |       |       |       |       |       |     1 |     1 |       ||     2
